 Dungeon Crawl Stone Soup version 0.30-a0-777-ga9a30cbeda (webtiles) character file.

Game seed: 18076183011029411901

50 NinjaNoafa the Grasshopper (level 3, 0/31 HPs)
             Began as an Armataur Warper on Feb 13, 2023.
             Slain by a worm (8 damage)
             ... on level 2 of the Dungeon.
             The game lasted 00:04:10 (701 turns).

NinjaNoafa the Grasshopper (Armataur Warper)         Turns: 701, Time: 00:04:11

Health: 0/31       AC:  4    Str: 16    XL:     3   Next: 55%
Magic:  6/7        EV:  9    Int: 15    God:
Gold:   46         SH:  0    Dex:  9    Spells: 5/7 levels left

rFire   . . .      SeeInvis .    a - +0 mace
rCold   . . .      Faith    .    (no shield)
rNeg    . . .      Spirit   .    b - +0 leather armour
rPois   .          Reflect  .    (no helmet)
rElec   .          Harm     .    (no cloak)
rCorr   .          Roll     +    (no gloves)
Will    .....                    (no barding)
Stlth   +                        m - amulet of magic regeneration
HPRegen 0.25/turn                (no ring)
MPRegen 0.50/turn                (no ring)

@: on blink cooldown
A: large, rugged brown scales 3, deformed body, armoured tail, roll, long
tongue, awkward tongue
a: no special abilities


You were on level 2 of the Dungeon.
You visited 1 branch of the dungeon, and saw 2 of its levels.

You collected 46 gold pieces.

Inventory:

Hand Weapons
 a - a +0 mace (weapon)
Missiles
 d - 7 boomerangs of dispersal
 e - 6 boomerangs (quivered)
 j - 4 javelins
Armour
 b - a +0 leather armour (worn)
Jewellery
 m - an amulet of magic regeneration (around neck)
Scrolls
 c - a scroll of blinking
 h - a scroll of amnesia
 l - a scroll of poison
 n - 2 scrolls of fog
Potions
 g - a potion of might
 k - 2 potions of mutation


   Skills:
 - Level 1.7 Fighting
 - Level 1.7 Maces & Flails
 - Level 0.8 Throwing
 - Level 1.2 Armour
 - Level 1.3 Dodging
 + Level 2.6 Spellcasting
 + Level 3.9 Translocations


You had 5 spell levels left.
You knew the following spells:

 Your Spells              Type           Power      Damage    Failure   Level
a - Blink                 Tloc           26%        N/A       8%          2

Your spell library contained the following spells:

 Spells                   Type           Power      Damage    Failure   Level
 Lesser Beckoning         Tloc           26%        N/A       8%          2
 Teleport Other           Tloc           13%        N/A       16%         3
 Vhi's Electric Charge    Tloc/Air       14%        N/A       34%         3
 Manifold Assault         Tloc           13%        N/A       45%         4


Dungeon Overview and Level Annotations

Branches:
Dungeon (2/15)

Altars:


Innate Abilities, Weirdness & Mutations

You are completely covered in rugged brown scales. (AC +3, +7% HP)
Armour fits poorly on your strangely shaped body.
You have a long armoured tail.
You roll when moving toward enemies. (Rampage)
Your long tongue fully drains potion bottles. (2x potion effects)
Your tongue gives you trouble enunciating. (1.5x scroll delay)


Message History

The worm is lightly wounded.
The worm bites you!
You completely miss the worm.
The worm is lightly wounded.
The worm bites you!
* * * LOW HITPOINT WARNING * * *
You barely miss the worm. You tail-slap the worm.
The worm is moderately wounded.
You barely miss the worm.
The worm is moderately wounded.
The worm bites you.
* * * LOW HITPOINT WARNING * * *
Things that are here:
a giant cockroach corpse; a giant cockroach corpse; a giant cockroach corpse
Casting: Blink (safe; 8% risk of failure)
Confirm with . or Enter, or press ? or * to list all spells.
You blink.
You feel stable enough to blink again.
An adder comes into view.
The adder hisses angrily.
You hear a shout!
A kobold comes into view. It is wielding a +0 whip.
The adder moves out of view.
You hear a shout!
Unknown command.
Unknown command.
A frilled lizard comes into view.
You roll towards the kobold!
A hobgoblin comes into view.
Found a glowing short sword.
The hobgoblin shouts!
You hear an angry hiss.
The frilled lizard hisses angrily.
A hobgoblin comes into view.
Casting: Blink (safe; 8% risk of failure)
Confirm with . or Enter, or press ? or * to list all spells.
You blink.
You barely miss the worm. You hit the worm.
The worm is lightly wounded.
The worm bites you!
You die...

#.. ....## #.# .....
###.# ... ######.#.##.#
g ..
##....##...g.##.l). #.
#.. ##...!..##K......#
#.## #..
#..........#..#### #...
... #...(..wS###.....
#...#.###......@.#
#.#####
##...#.#.†........# ..#
.......#†##......##..>#
#..†.##..).####..######
#.#..<#######..........
#.#...................
..#....!...##.........
####........##.....####
#...............#


You could see a worm, an adder, a hobgoblin and a kobold.

Vanquished Creatures
  3 dart slugs
  2 endoplasms (D:1)
  12 giant cockroaches
  3 goblins
  4 hobgoblins (D:1)
  A quokka (D:1)
  2 ball pythons
  4 bats (D:1)
  2 frilled lizards (D:1)
  3 kobolds
  2 rats (D:1)
38 creatures vanquished.

Vanquished Creatures (others)
  4 plants (D:1)
4 creatures vanquished.

Grand Total: 42 creatures vanquished

Notes
Turn   | Place    | Note
-------+----------+-------------------------------------------
     0 | D:1      | NinjaNoafa the Armataur Warper began the quest for the Orb.
     0 | D:1      | Reached XP level 1. HP: 18/18 MP: 3/3
   139 | D:1      | Reached XP level 2. HP: 25/25 MP: 5/5
   279 | D:1      | Learned a level 2 spell: Blink
   461 | D:1      | Reached XP level 3. HP: 26/31 MP: 6/6
   701 | D:2      | Slain by a worm

Illustrated notes

Levels and vault maps discovered:
D:1:      dpeg_arrival_tiny_a, layout_loops_ring, serial_bayou_ford_a
D:2:      minmay_roachtagon, layout_loops_cross, st_stairs_10

Skill      XL: |  1 |
---------------+----+-----
Spellcasting   | 2 |  2.6
Fighting       | |  1.7
Maces & Flails | |  1.7
Throwing       | |  0.8
Armour         | |  1.2
Dodging        | |  1.3
Translocations | |  3.9

Action                     || total
---------------------------++-------
  Melee: Mace              ||   109
         Tailslap          ||    18
  Throw: Boomerang         ||     6
   Cast: Blink             ||     4
    Use: Scroll            ||     6
 Armour: Leather armour    ||    80
  Dodge: Dodged            ||    65

Table legend: (Time is in decaauts)
 A = Elapsed time spent in this place.
 B = Non-inter-level travel time spent in this place.
 C = Inter-level travel time spent in this place.
 D = Time resting spent in this place.
 E = Time spent auto-exploring this place.
 F = Levels seen in this place.
 G = Mean time per level.
                   A        B        C        D        E       F      G
               +--------+--------+--------+--------+--------+-----+--------+
         Total |    738 |    672 |     66 |      0 |     11 |   2 |  369.0 |
       Dungeon |    738 |    672 |     66 |      0 |     11 |   2 |  369.0 |
               +--------+--------+--------+--------+--------+-----+--------+

Top non-repeatable levels by time:
     D:1: 586 daAuts
     D:2: 151 daAuts
